details: 'stabfest turns into win'

« prev index next »

General information

Mini Map

Players

team 1
Random» Orccvan. (yellow | 42 APM | 535 actions | 12:42)
Hero icon 2 Far Seer
Ability icon 1 Feral Spirit
Ability icon 1 Chain Lighting
Hero icon 1 Shadow Hunter
Ability icon 1 Serpent Ward

» actions
Assign group hotkey91
Basic commands8
Build / train40
Enter build submenu15
Enter hero's abilities submenu3
Remove unit from queue1
Right click176
Select / deselect106
Select group hotkey64
Use ability31
535 total
» units
Peon13
Grunt8
Footman3
Troll Headhunter/Berserker4
28 total
» upgrades
Armor1
1 total
» buildings
Altar of Storms1
Orc Burrow5
Barracks2
War Mill1
Voodoo Lounge1
Watch Tower2
Great Hall1
Stronghold1
Castle1
15 total
» build order
00:21 Altar of Storms
00:35 Orc Burrow
00:51 Barracks
01:50 Barracks
02:07 War Mill
02:13 Orc Burrow
02:38 Orc Burrow
03:22 Voodoo Lounge
03:33 Watch Tower
03:40 Watch Tower
06:41 Great Hall
07:54 Stronghold
08:00 Orc Burrow
08:02 Orc Burrow
09:23 Castle
» items
Healing Salve2
Lesser Clarity Potion1
3 total
Random» NightElfblameGAME (orange | 64 APM | 1695 actions | 26:21)
Hero icon 4 Priestess of the Moon
Ability icon 2 Trueshot Aura
Ability icon 2 Searing Arrows
Hero icon 4 Keeper of the Grove
Ability icon 2 Entangling Roots
Ability icon 2 Thorns Aura
Hero icon 1 Shadow Hunter
Ability icon 1 Healing Wave
Hero icon 1 Far Seer
Ability icon 1 Feral Spirit

» actions
Assign group hotkey27
Basic commands81
Build / train144
ESC pressed1
Enter build submenu46
Enter hero's abilities submenu10
Right click583
Select / deselect530
Select group hotkey181
Use ability92
1695 total
» units
Wisp21
Peasant11
Footman20
Archer20
Siege Engine7
Hippogryph5
Peon5
Wind Rider9
98 total
» upgrades
Masonry1
Defend1
Gunpowder3
Plating2
Improved Bows1
Ultravision1
Marksmanship1
Strength of the Wild1
Reinforced Hides1
Well Spring1
Hippogryph Taming1
Ranged Weapons1
Envenomed Spears1
16 total
» buildings
Barracks1
Altar of Kings2
Farm10
Ancient of War1
Moon Well6
Altar of Elders1
Lumber Mill2
Scout Tower7
Ancient of Wonders2
Guard Tower5
Hunter's Hall1
Arcane Tower2
Ancient Protector6
Keep3
Tree of Ages1
Blacksmith1
Tree of Life1
Workshop3
Tree of Eternity1
Ancient of Wind3
Fortress1
Beastiary4
Orc Burrow3
Town Hall2
Voodoo Lounge1
Great Hall2
72 total
» build order
00:23 Barracks
00:25 Altar of Kings
00:26 Farm
00:29 Ancient of War
00:33 Moon Well
00:38 Altar of Elders
00:59 Lumber Mill
01:55 Moon Well
02:02 Scout Tower
02:04 Scout Tower
02:08 Scout Tower
02:32 Farm
02:33 Farm
02:34 Farm
02:36 Farm
02:46 Ancient of Wonders
02:55 Guard Tower
03:03 Hunter's Hall
03:33 Arcane Tower
03:48 Guard Tower
03:50 Scout Tower
03:53 Scout Tower
03:57 Scout Tower
04:16 Ancient Protector
04:17 Ancient Protector
04:29 Guard Tower
04:32 Scout Tower
04:36 Arcane Tower
04:37 Guard Tower
04:46 Ancient Protector
04:49 Ancient Protector
04:55 Ancient Protector
05:07 Guard Tower
05:10 Keep
05:10 Keep
05:47 Tree of Ages
05:49 Ancient Protector
06:16 Moon Well
06:16 Moon Well
06:25 Blacksmith
06:29 Farm
06:29 Farm
06:30 Farm
07:42 Tree of Life
07:56 Altar of Kings
09:43 Workshop
09:45 Workshop
10:26 Tree of Eternity
13:40 Workshop
13:43 Farm
13:43 Farm
14:36 Ancient of Wind
14:37 Ancient of Wind
14:43 Ancient of Wind
14:46 Moon Well
14:49 Moon Well
16:30 Fortress
16:35 Beastiary
16:35 Beastiary
16:36 Beastiary
16:37 Beastiary
16:39 Orc Burrow
16:40 Orc Burrow
16:40 Orc Burrow
17:38 Lumber Mill
20:17 Town Hall
20:22 Voodoo Lounge
21:32 Ancient of Wonders
21:46 Town Hall
23:59 Great Hall
24:02 Great Hall
» items
Potion of Healing1
Moonstone1
2 total
HumanOttoMan (pink | 0 APM | 0 actions | 00:02)
Random» OrcCYANlDE (purple | 5 APM | 139 actions | 26:25)

» actions
Assign group hotkey2
Basic commands6
Build / train6
Enter build submenu2
Remove unit from queue1
Right click56
Select / deselect60
Select group hotkey4
Use ability2
139 total
» units
Peon4
4 total
» upgrades
Spiked Barricades1
1 total
» buildings
War Mill1
1 total
» build order
08:14 War Mill
team 2
Random» HumanBlack-Plague (red | 27 APM | 707 actions | 26:26)
Hero icon 3 Archmage
Ability icon 1 Summon Water Elemental
Ability icon 1 Blizzard
Ability icon 1 Brilliance Aura
Hero icon 3 Firelord
Ability icon 1 Soul Burn
Ability icon 1 Incinerate
Ability icon 1 Summon Lava Spawn

» actions
Assign group hotkey8
Basic commands58
Build / train42
Enter build submenu18
Enter hero's abilities submenu6
Right click359
Select / deselect136
Select group hotkey44
Use ability36
707 total
» units
Peasant6
Footman5
Rifleman5
Knight3
19 total
» upgrades
Masonry2
Plating1
Swords1
Defend1
Lumber Harvesting1
6 total
» buildings
Farm7
Scout Tower7
Lumber Mill1
Altar of Kings1
Arcane Tower1
Barracks1
Blacksmith1
Spirit Tower1
Keep1
Guard Tower5
Castle1
27 total
» build order
00:18 Farm
00:40 Scout Tower
00:43 Lumber Mill
00:58 Farm
01:09 Altar of Kings
01:16 Arcane Tower
01:37 Farm
02:44 Barracks
03:04 Blacksmith
03:50 Spirit Tower
04:35 Farm
05:41 Farm
06:21 Scout Tower
06:26 Keep
07:15 Guard Tower
07:19 Scout Tower
07:37 Scout Tower
08:09 Guard Tower
08:12 Scout Tower
08:19 Guard Tower
08:24 Farm
08:47 Guard Tower
08:51 Scout Tower
09:19 Farm
09:24 Castle
09:32 Guard Tower
10:03 Scout Tower
Random» Humansc2no.wc4yes (green | 71 APM | 1866 actions | 26:26)
Hero icon 4 Blood Mage
Ability icon 2 Flame Strike
Ability icon 2 Siphon Mana

» actions
Assign group hotkey60
Basic commands130
Build / train143
ESC pressed12
Enter build submenu44
Enter hero's abilities submenu4
Give item / drop item2
Remove unit from queue1
Right click590
Select / deselect286
Select group hotkey356
Use ability238
1866 total
» units
Peasant30
Goblin Shredder1
Goblin Zeppelin1
Sorceress4
Mortar Team4
Flying Machine5
45 total
» upgrades
Masonry3
Magic Sentry1
Sorceress Training2
Fragmentation Shards1
Flare1
Gunpowder3
Armor2
Flak Cannons1
Plating1
15 total
» buildings
Altar of Kings1
Farm14
Scout Tower61
Arcane Tower3
Lumber Mill2
Guard Tower37
Keep1
Town Hall1
Arcane Vault1
Blacksmith1
Arcane Sanctum2
Workshop3
Castle1
Cannon Tower1
129 total
» build order
00:08 Altar of Kings
00:14 Farm
00:44 Scout Tower
00:54 Farm
01:08 Scout Tower
01:35 Arcane Tower
02:38 Farm
02:57 Lumber Mill
03:30 Guard Tower
03:30 Guard Tower
03:34 Scout Tower
03:34 Scout Tower
03:35 Scout Tower
04:07 Guard Tower
04:21 Scout Tower
04:22 Scout Tower
04:22 Scout Tower
04:42 Guard Tower
04:45 Scout Tower
04:45 Scout Tower
04:58 Guard Tower
05:01 Guard Tower
05:02 Guard Tower
05:02 Guard Tower
05:02 Guard Tower
05:27 Guard Tower
05:27 Guard Tower
06:14 Scout Tower
06:14 Scout Tower
06:15 Scout Tower
06:44 Guard Tower
06:45 Guard Tower
06:47 Arcane Tower
06:51 Keep
08:04 Town Hall
08:57 Arcane Vault
09:44 Guard Tower
09:46 Guard Tower
09:47 Guard Tower
09:53 Blacksmith
10:25 Arcane Sanctum
10:28 Workshop
10:28 Workshop
10:29 Workshop
10:32 Arcane Sanctum
11:21 Castle
11:29 Arcane Tower
12:28 Guard Tower
12:34 Guard Tower
13:35 Guard Tower
13:37 Guard Tower
13:45 Farm
13:45 Farm
13:45 Farm
14:24 Farm
14:26 Farm
14:43 Cannon Tower
14:59 Guard Tower
16:19 Guard Tower
17:03 Scout Tower
17:04 Scout Tower
17:04 Scout Tower
17:05 Scout Tower
17:06 Scout Tower
17:09 Scout Tower
17:09 Scout Tower
17:10 Scout Tower
17:13 Scout Tower
17:13 Scout Tower
17:14 Scout Tower
17:14 Scout Tower
17:15 Scout Tower
17:15 Scout Tower
17:16 Scout Tower
17:16 Scout Tower
18:27 Guard Tower
18:40 Guard Tower
18:51 Guard Tower
19:20 Guard Tower
19:25 Lumber Mill
20:00 Guard Tower
20:37 Farm
20:38 Farm
20:38 Farm
20:38 Farm
20:39 Farm
20:39 Farm
21:58 Scout Tower
21:59 Scout Tower
21:59 Scout Tower
21:59 Scout Tower
22:00 Scout Tower
22:00 Scout Tower
22:01 Scout Tower
22:01 Scout Tower
22:01 Scout Tower
23:07 Guard Tower
23:12 Scout Tower
23:13 Scout Tower
23:13 Scout Tower
23:13 Scout Tower
23:13 Scout Tower
23:14 Scout Tower
23:15 Scout Tower
23:16 Scout Tower
23:16 Scout Tower
23:16 Scout Tower
23:17 Scout Tower
23:17 Scout Tower
23:17 Scout Tower
23:18 Scout Tower
23:20 Guard Tower
23:55 Guard Tower
23:56 Guard Tower
25:10 Guard Tower
25:16 Guard Tower
25:18 Guard Tower
25:29 Guard Tower
» items
Ivory Tower21
Scroll of Regeneration3
Lesser Clarity Potion1
Staff of Sanctuary1
Scroll of Town Portal8
34 total
Undeadcrippletron (blue | 13 APM | 41 actions | 03:02)
Hero icon 1 Lich
Ability icon 1 Frost Nova

» actions
Assign group hotkey2
Build / train6
Enter build submenu5
Enter hero's abilities submenu1
Right click10
Select / deselect11
Use ability6
41 total
» units
Acolyte3
3 total
» buildings
Ziggurat2
Altar of Darkness1
Crypt1
Nerubian Tower1
Graveyard1
6 total
» build order
00:11 Ziggurat
00:15 Altar of Darkness
00:19 Crypt
01:07 Nerubian Tower
01:28 Ziggurat
01:43 Graveyard
NightElfG.henghis_Khan (teal | 41 APM | 1077 actions | 26:26)
Hero icon 1 Keeper of the Grove
Ability icon 1 Force of Nature

» actions
Build / train32
Enter build submenu20
Enter hero's abilities submenu1
Right click822
Select / deselect130
Use ability72
1077 total
» units
Wisp14
Druid of the Talon8
22 total
» upgrades
Strength of the Wild2
Reinforced Hides2
Ultravision1
Druid of the Talon Training1
6 total
» buildings
Altar of Elders2
Moon Well7
Hunter's Hall1
Ancient of Wonders1
Tree of Ages1
Tree of Eternity1
Ancient of Wind2
Ancient Protector2
Tree of Life2
Chimaera Roost2
21 total
» build order
00:49 Altar of Elders
00:55 Moon Well
01:00 Moon Well
01:57 Hunter's Hall
03:03 Moon Well
03:43 Moon Well
04:17 Ancient of Wonders
04:41 Tree of Ages
05:56 Moon Well
07:11 Tree of Eternity
07:16 Ancient of Wind
07:35 Ancient of Wind
07:53 Moon Well
08:33 Ancient Protector
08:42 Ancient Protector
08:52 Tree of Life
09:37 Chimaera Roost
09:53 Chimaera Roost
13:57 Tree of Life
14:06 Altar of Elders
15:08 Moon Well

Chat log

(00:18 / All) sc2no.wc4yes: all we have to do is survive their rush
(00:22 / All) sc2no.wc4yes: and we're home free
(00:24 / All) sc2no.wc4yes: everyone mass towers
(01:07 / All) CYANlDE: ^.^
(01:12 / All) CYANlDE: :D
(01:56 / Allies) crippletron: wtf
(02:07 / Allies) Black-Plague: dude
(02:08 / All) crippletron: green you faggot ass bitch
(02:09 / Allies) Black-Plague: whyu
(02:13 / All) CYANlDE: rofl
(02:15 / Allies) Black-Plague: why man
(02:23 / All) crippletron: why kill your own team
(02:29 / Allies) Black-Plague: you piece of dogshit
(02:31 / Allies) G.henghis_Khan: this game is so fucked with all the team killers
(02:33 / All) crippletron: no life havin faggot
(02:42 / All) crippletron: go suck yer daddys dick
(02:45 / All) crippletron: and choke
(02:52 / Allies) Black-Plague: you silly ass psycho shit

(04:11 / Allies) Black-Plague: psycho whore
(04:46 / Allies) Black-Plague: you cant take a win you dogshit whore ???
(04:55 / Allies) sc2no.wc4yes: what fun is there in that
(04:59 / Allies) Black-Plague: how fucking sick are you cunt
(05:16 / Allies) Black-Plague: go get your daddy to fuck your ass more dude
(05:17 / Allies) sc2no.wc4yes: it's 3v3 now
(05:21 / Allies) sc2no.wc4yes: cyanide isnt playing
(05:25 / Allies) Black-Plague: you dogshit whore
(06:06 / Allies) Black-Plague: i cant understand silly ass psycho shits...
(06:13 / Allies) Black-Plague: it is just beyond me
(06:31 / Allies) sc2no.wc4yes: scout that base
(06:33 / Allies) sc2no.wc4yes: he istn playing
(06:35 / Allies) sc2no.wc4yes: it's 3v3
(06:36 / Allies) sc2no.wc4yes: and youre crying
(06:56 / Allies) Black-Plague: you are a silly ass psycho shit dude
(07:01 / Allies) sc2no.wc4yes: and youre a crybaby noob
(07:02 / Allies) Black-Plague: nothing more

(08:47 / Allies) sc2no.wc4yes: see
(08:48 / Allies) sc2no.wc4yes: its 3v3
(08:51 / Allies) sc2no.wc4yes: so stop crying
(08:54 / All) CYANlDE: :D
(09:02 / Allies) Black-Plague: shut your psycho shit mouth cunt
(09:13 / Allies) sc2no.wc4yes: guy those words dont impress me im much older than you
(09:45 / Allies) G.henghis_Khan: gold please

(10:57 / Allies) sc2no.wc4yes: help pls
(11:01 / Allies) Black-Plague: lol
(11:03 / Allies) G.henghis_Khan: fuck him
(11:04 / Allies) Black-Plague: rofl
(11:08 / Allies) Black-Plague: lmfao
(11:12 / Allies) sc2no.wc4yes: its your best chance to kill their troops
(11:15 / Allies) sc2no.wc4yes: otherwise you get to 2v3
(11:48 / Allies) sc2no.wc4yes: dotts in bird form...
(11:55 / Allies) G.henghis_Khan: stfu
(11:55 / Allies) sc2no.wc4yes: not sure if srs
(12:27 / Allies) Black-Plague: teal i cannont fucking believe you helped that piece of dogshit
(12:31 / Allies) Black-Plague: and let me die
(12:38 / Allies) Black-Plague: you are shit dude
(12:43 / Allies) sc2no.wc4yes: he teched to dotsts
(12:45 / Allies) sc2no.wc4yes: and put them in bird form
(12:46 / Allies) sc2no.wc4yes: lol
(12:57 / Allies) sc2no.wc4yes: LOL
(13:03 / Allies) sc2no.wc4yes: let the hate flow through you
(13:03 / Allies) Black-Plague: fuck this psycho shit team
(13:33 / Allies) Black-Plague: teal you are total dogshit ;you cunt
(13:45 / Allies) Black-Plague: mother fucking whore
(13:51 / Allies) G.henghis_Khan: cry and rage more ass
(13:54 / Allies) sc2no.wc4yes: this guy has the mouth of a sailor
(13:59 / Allies) sc2no.wc4yes: do you kiss your mother with those lips?
(14:01 / Allies) Black-Plague: you are both insane
(14:28 / Allies) G.henghis_Khan: no gtreen the kid was abused my penn state pedaphiles
(14:53 / Allies) Black-Plague: not my problem ace
(15:01 / Allies) G.henghis_Khan: penn state wore his pearly white ass out and gave him to syracuse pedaphiles

(16:07 / Allies) G.henghis_Khan: 200 gold please green
(16:52 / Allies) sc2no.wc4yes: why does a guy on a new name care so much about a 4v3 win anyway
(16:57 / Allies) sc2no.wc4yes: you trying to build a pro account in 4v4 rt?
(16:58 / Allies) sc2no.wc4yes: lmao
(17:50 / Allies) Black-Plague: fuck you psycho shit losers
(18:04 / Allies) Black-Plague: teal you are nuts dude
(18:18 / Allies) sc2no.wc4yes: if anyone here is off-balance its you bub
(18:24 / Allies) G.henghis_Khan: u r trhe one bsing ne red nut its rt5 its expected
(18:29 / Allies) Black-Plague: silly ass piece of dogshit
(18:42 / Allies) G.henghis_Khan: grems pro same clan as my real account
(18:43 / Allies) sc2no.wc4yes: more cursing lol
(19:14 / Allies) G.henghis_Khan: red its past your bed time change your diaper and go nite nite
(19:17 / All) sc2no.wc4yes: you think you got enough unmounts for all our air yet?
(19:25 / Allies) Black-Plague: fuck off psycho shit

(22:42 / Allies) sc2no.wc4yes: if just one of you had kept your base intact this would be easy
(22:47 / Allies) sc2no.wc4yes: but as it is its just too stacked
(22:54 / Allies) sc2no.wc4yes: no matter how retarded thsi guy is he cant lose 3 bases to 1
(23:02 / Allies) Black-Plague: shut your psycho shit cunt mouth you whore
(23:26 / Allies) Black-Plague: you are dogshit dude
(23:58 / All) G.henghis_Khan: just get owl and true sight fa tio kill grens men
(24:18 / All) Black-Plague: kick greens psycho shit ass plz
(24:34 / All) Black-Plague: he is blight on the Earth
(24:41 / All) G.henghis_Khan: grens about to expo in middle
(25:22 / All) G.henghis_Khan: in vis mor6ts at top
(25:33 / All) G.henghis_Khan: bye yellow
(26:02 / Allies) Black-Plague: lol
(26:24 / All) sc2no.wc4yes: LIOL